 Dungeon Crawl Stone Soup version 0.26-a0-8-gc4d20be10f (webtiles) character file.

Game seed: 18409822320427137290, levelgen mode: deterministic

41 Lanoc the Cudgeler (level 3, -4/20 HPs)
             Began as a Vine Stalker Chaos Knight on May 24, 2020.
             Was a Plaything of Xom.
             Slain by Natasha (7 damage)
             ... on level 2 of the Dungeon.
             The game lasted 00:00:28 (323 turns).

Lanoc the Cudgeler (Vine Stalker Chaos Knight)       Turns: 323, Time: 00:00:29

Health: -4/20      AC:  5    Str: 14    XL:     3   Next: 52%
Magic:  0/4        EV: 11    Int: 12    God:    Xom [..*...]
Gold:   11         SH:  0    Dex: 14    Spells: 2/2 levels left

rFire    . . .     SeeInvis .   a - +0 mace (chaos)
rCold    . . .     Gourm    .   (no shield)
rNeg     . . .     Faith    .   b - +2 leather armour
rPois    .         Spirit   +   (no helmet)
rElec    .         Reflect  .   (no cloak)
rCorr    .         Harm     .   (no gloves)
MR       .....                  (no boots)
Stlth    +.........             (no amulet)
HPRegen  0.06/turn              (no ring)
MPRegen  0.09/turn              (no ring)

@: very slightly contaminated, slowed, invisible (expiring), very slow
A: fangs 2, magic shield, antimagic bite, no potion heal 3, rot immunity
a: Renounce Religion


You were on level 2 of the Dungeon.
You worshipped Xom.
You were a toy of Xom.
You were not hungry.

You visited 1 branch of the dungeon, and saw 2 of its levels.

You collected 11 gold pieces.

Inventory:

Hand Weapons
 a - a +0 mace of chaos (weapon)
Armour
 b - a +2 leather armour (worn)
Scrolls
 d - a scroll of remove curse {unknown}
Comestibles
 c - a ration


   Skills:
 + Level 3.0 Fighting
 * Level 3.2 Maces & Flails
 + Level 2.0 Armour
 + Level 1.3 Dodging


You had 2 spell levels left.
You didn't know any spells.
Your spell library was empty.

Dungeon Overview and Level Annotations

Branches:
Dungeon (2/15)

Altars:

Annotations:
D:2 Natasha


Innate Abilities, Weirdness & Mutations

You have extremely sharp teeth.
When hurt, damage is shared between your health and your magic reserves.
Your bite disrupts and absorbs the magic of your enemies.
Potions cannot restore your health.
You are immune to rotting.


Message History

A giant cockroach comes into view.
You hit Natasha but do no damage.
Natasha goes berserk!
Natasha is lightly wounded.
You flicker for a moment.
Natasha closely misses you. Natasha claws you but does no damage.
Natasha closely misses you.
You miss Natasha. You bite Natasha.
Natasha's magic leaks into the air.
You drain her magic.
You feel invigorated.
Natasha is moderately wounded.
Natasha claws you! The hobgoblin barely misses you. Natasha closely misses you.
The hobgoblin closely misses you. Natasha closely misses you.
The iron imp completely misses you.
You closely miss Natasha.
Natasha is moderately wounded.
Natasha claws you!
* * * LOW HITPOINT WARNING * * *
The hobgoblin completely misses you. Natasha claws you but does no damage.
The hobgoblin closely misses you. Natasha claws you!
You die...
Xom laughs nastily!

# #. .## .. #.#
#.. ###
#.###...###
#h@gSr.....
......5##s......
######. .....[!
#. ....... ##
?...... .......
....... .......


You could see an iron imp (summoned), Natasha (berserk), an adder, a giant
cockroach (wandering), a hobgoblin and a rat.

Vanquished Creatures
  Jessica (D:2)
  An adder (D:2)
  A goblin (D:1)
  3 frilled lizards
  3 kobolds
9 creatures vanquished.

Notes
Turn   | Place    | Note
-------+----------+-------------------------------------------
     0 | D:1      | Lanoc the Vine Stalker Chaos Knight began the quest for the
                  | Orb.
     0 | D:1      | Reached XP level 1. HP: 11/11 MP: 2/2
    56 | D:1      | XOM: butterfly on damage
   307 | D:2      | Noticed Jessica
   310 | D:2      | XOM: potion effect (invisibility)
   311 | D:2      | Killed Jessica
   311 | D:2      | Reached skill level 1 in Dodging
   311 | D:2      | Reached XP level 2. HP: 15/16 MP: 3/3
   311 | D:2      | Reached XP level 3. HP: 18/19 MP: 4/4
   315 | D:2      | Noticed Natasha
   323 | D:2      | Slain by Natasha

Illustrated notes

Levels and vault maps discovered:
D:1:      mainiacjoe_arrival_reflecting_pool, layout_loops_cross,
          grunt_decor_one_mirror
D:2:      layout_rooms, nicolae_ru_path_of_blood, uniq_natasha, uniq_jessica

Skill      XL: |  1  2  3 |
---------------+----------+-----
Maces & Flails | 3 |  3.2
Dodging        | 1 |  1.3
Fighting       | 3 |  3.0
Armour         | 2 |  2.0

Action                   || total
-------------------------++-------
Melee: Mace              ||    28
       Bite              ||     4
 Stab: Invisible         ||     1
Armor: Leather armour    ||     7
Dodge: Dodged            ||    32

Table legend:
 A = Non-vault XP
 B = Vault XP
 C = Vault XP percentage of total XP
 D = Non-vault monster count
 E = Vault monster count
 F = Vault count percentage of total count
                 A         B        C        D         E       F
            +---------+---------+-------+---------+---------+-------
      Total |      22 |      37 |  62.7 |       8 |       1 |  11.1
            +---------+---------+-------+---------+---------+-------
        D:1 |       6 |       0 |   0.0 |       5 |       0 |   0.0
        D:2 |      16 |      37 |  69.8 |       3 |       1 |  25.0
            +---------+---------+-------+---------+---------+-------
